 Dungeon Crawl Stone Soup version 0.22-a0-352-gc608dd7 (webtiles) character file.

53 khargal the Sneak (level 3, 0/24 HPs)
             Began as an Octopode Assassin on Apr 14, 2018.
             Succumbed to an adder's poison
             ... on level 2 of the Dungeon.
             The game lasted 00:02:18 (1283 turns).

khargal the Sneak (Octopode Assassin)               Turns: 1283, Time: 00:02:19

Health: 0/24       AC:  1    Str: 10    XL:     3   Next: 87%
Magic:  3/3        EV: 13    Int: 13    God:
Gold:   45         SH:  0    Dex: 14    Spells: 2/2 levels left

rFire    . . .     SeeInvis .   a - +2 dagger
rCold    . . .     Gourm    .   (no shield)
rNeg     . . .     Faith    .   (helmet restricted)
rPois    .         Spirit   .   (no amulet)
rElec    .         Reflect  .   (no ring)
rCorr    .         Harm     .   (no ring)
MR       .....                  (no ring)
Stlth    ++++......             (no ring)
HPRegen  0.08/turn              (no ring)
MPRegen  0.08/turn              (no ring)
                                (no ring)
                                (no ring)

@: lethally poisoned (0 -> -3)
A: almost no armour, stealthy swim, amphibious, 8 rings, constrict 8, camouflage
1, gelatinous body 1
a: no special abilities


You were on level 2 of the Dungeon.
You were not hungry.

You visited 1 branch of the dungeon, and saw 2 of its levels.

You collected 45 gold pieces.

Inventory:

Hand Weapons
 a - a +2 dagger (weapon)
 b - a +0 blowgun
Missiles
 c - 8 poisoned needles
 d - 2 curare-tipped needles
Scrolls
 e - 3 scrolls of identify {unknown}
 g - a scroll of fog {unknown}
 j - 3 scrolls of amnesia {unknown}
Comestibles
 f - 5 rations
 h - 10 chunks of flesh


   Skills:
 + Level 2.3 Fighting
 + Level 2.4 Short Blades
 - Level 2.0 Throwing
 + Level 1.1 Dodging
 + Level 6.8 Stealth


You had 2 spell levels left.
You didn't know any spells.

Dungeon Overview and Level Annotations

Branches:
Dungeon (2/15)

Altars:


Innate Abilities, Weirdness & Mutations

You cannot wear most types of armour.
You are very stealthy in the water. (Stealth+)
You are amphibious.
You can wear up to eight rings at the same time.
You can use your tentacles to constrict eight enemies at once.
Your skin changes colour to match your surroundings (Stealth+).
Your rubbery body absorbs attacks. (AC +1, EV +1)


Message History

* * * LOW HITPOINT WARNING * * *
You feel sick.
You see here a bat skeleton.
* * * LOW HITPOINT WARNING * * *
You feel sick.
Things that are here:
a club; a bat skeleton You see here a club.
* * * LOW HITPOINT WARNING * * *
You feel sick.
You see here a club.
Things that are here:
a club; a bat skeleton
There is a lethal amount of poison in your body!
* * * LOW HITPOINT WARNING * * *
You feel sick.
You see here a club.
* * * LOW HITPOINT WARNING * * *
You feel sick.
You die...

## ##### ## #. ..#.. .# #.
#.#.####.# #. #.#......#
### #. #.#......+ #.. # #.
#.#......# # #..
.#.#.#.##.#.#..###.#.###..
.........@...รท..........>.
...........))#.###.#..##[.
.#.#.#...........# #......
.........#..#### #......
#.#.#####.##.## #.###.[ ..
#. #.##..# .. ..... # #
#.###.## # ###.. #.# #..#
#.###.# #.# ##.## #......


There were no monsters in sight!

Vanquished Creatures
  An adder (D:2)
  A worm (D:2)
  A dart slug (D:1)
  A leopard gecko (D:1)
  4 giant cockroaches
  4 goblins
  4 hobgoblins
  6 kobolds
  9 bats
  3 frilled lizards
  4 rats
38 creatures vanquished.

Notes
Turn   | Place    | Note
-------+----------+-------------------------------------------
     0 | D:1      | khargal the Octopode Assassin began the quest for the Orb.
     0 | D:1      | Reached XP level 1. HP: 14/14 MP: 1/1
   189 | D:1      | Reached XP level 2. HP: 14/19 MP: 2/2
   430 | D:1      | Reached skill level 6 in Stealth
   793 | D:1      | Reached XP level 3. HP: 24/24 MP: 3/3
  1275 | D:2      | HP: 1/24 [poisoned by an adder]
  1283 | D:2      | Succumbed to an adder's poison

Vault maps used:
D:1:      mushboom_english_gardens, st_stairs_14, minmay_misc_feat_cross
D:2:      uniq_natasha, uniq_crazy_yiuf_cottage

Skill      XL: |  1  2 |
---------------+-------+-----
Stealth        | 6 |  6.8
Fighting       | |  2.3
Short Blades   | |  2.4
Throwing       | |  2.0
Dodging        | |  1.1

Action                   || total
-------------------------++-------
Melee: Dagger            ||    62
       Constrict         ||    15
       Tentacles         ||     7
  Use: Potion            ||     1
 Stab: Sleeping          ||    12
  Eat: Chunk             ||     1
Armor: Skin              ||     7
Dodge: Dodged            ||    39

Table legend:
 A = Spawn XP
 B = Non-spawn XP
 C = Spawn XP percentage of total XP
 D = Spawn monster count
 E = Non-spawn monster count
 F = Spawn count percentage of total count
 G = Total turns spent on level
                    A         B        C        D         E        F      G
               +---------+---------+-------+---------+---------+-------+---------
         Total |       0 |      76 |   0.0 |       0 |      38 |   0.0 |  1283
               +---------+---------+-------+---------+---------+-------+---------
           D:1 |       0 |      35 |   0.0 |       0 |      21 |   0.0 |  1064
           D:2 |       0 |      41 |   0.0 |       0 |      17 |   0.0 |   219
               +---------+---------+-------+---------+---------+-------+---------
